 Dungeon Crawl Stone Soup version 0.18.1-6-gd335043 (webtiles) character file.

84 Jerry the Twirler (level 4, -1/38 HPs)
             Began as a Minotaur Gladiator on May 18, 2016.
             Killed by divine providence
             ... invoked by an orc priest
              (13 damage)
             ... on level 3 of the Dungeon.
             The game lasted 00:05:42 (2330 turns).

Jerry the Twirler (Minotaur Gladiator)              Turns: 2330, Time: 00:05:42

Health: -1/38      AC:  3    Str: 20    XL:     4   Next: 24%
Magic:  18/18      EV: 12    Int:  5    God:
Gold:   46         SH:  4    Dex: 11    Spells: 0 memorised, 3 levels left

rFire  x . .     SeeInvis .     u - staff of power
rCold  + . .     Gourm    .     b - +0 leather armour
rNeg   . . .     Faith    .     h - +0 buckler
rPois  .         Spirit   .     c - +0 hat
rElec  .         Dismiss  .     (no cloak)
rCorr  .         Reflect  .     (no gloves)
SustAt .         Harm     .     (no boots)
MR     .....                    k - amulet of rage
Stlth  +.........               (no ring)
                                q - ring of ice

@: not resistant to hostile enchantments, very unstealthy
A: retaliatory headbutt, horns 2
a: Evoke Berserk Rage


You were on level 3 of the Dungeon.
You were very hungry.

You visited 1 branch of the dungeon, and saw 3 of its levels.

You collected 46 gold pieces.

Inventory:

Hand Weapons
 a - a +0 quarterstaff
 j - a +0 whip
Missiles
 d - 3 throwing nets (quivered)
Armour
 b - a +0 leather armour (worn)
 c - a +0 hat (worn)
 h - a +0 buckler (worn)
Magical Staves
 u - an uncursed staff of power (weapon)
Jewellery
 k - an amulet of rage (around neck)
 q - a ring of ice (left hand)
Scrolls
 n - 2 scrolls of identify
Potions
 g - 2 potions of heal wounds
 t - a potion of resistance
Comestibles
 f - 5 bread rations
 l - a slice of pizza
 r - 8 fruits


   Skills:
 - Level 3.1 Fighting
 + Level 2.3(3.3) Maces & Flails
 - Level 3.6(4.0) Staves
 - Level 2.0 Throwing
 + Level 2.4 Armour
 - Level 3.2 Dodging
 + Level 2.1 Shields


You had 3 spell levels left.
You didn't know any spells.

Dungeon Overview and Level Annotations

Branches:
Dungeon (3/15)

Altars:
Fedhas
Sif Muna


Innate Abilities, Weirdness & Mutations

You reflexively headbutt those who attack you in melee.
You have a pair of horns on your head.


Message History

The orc shouts!
You hit the orc priest but do no damage.
You headbutt the orc priest!
The orc priest is severely wounded.
The orc priest mumbles some strange prayers to Beogh against you.
Beogh smites you!
You hit the orc priest.
You headbutt the orc priest, but do no damage.
The orc priest is almost dead.
The orc priest calls down the wrath of Beogh upon you.
Pain shoots through your body!
You hit the orc priest but do no damage.
The orc priest is almost dead.
The orc priest barely misses you.
You barely miss the orc priest.
The orc priest is almost dead.
You block the orc priest's attack.
The orc priest invokes the aid of Beogh against you.
Beogh smites you!
You die...

## #.# . ### #####.# #.
#<# #<....# #. #.#
####### #..#.#
#.##..#.##########
#................#
####.##.########.#
.......@#........#
......oo.......>.#######
####.#.o#.#.............
#.#..#.####.#.####### #
#..# #......#....).
#.........#.#.#####
.....#....#.#.# # ##.#
######.#.# # #######.#(#
#


You could see 2 orc priests and an orc.

Vanquished Creatures
  An adder (D:2)
  An ooze (D:2)
  3 worms (D:2)
  2 dart slugs (D:1)
  3 giant geckos
  A ball python (D:1)
  3 giant cockroaches
  5 goblins
  7 hobgoblins
  8 jackals (D:1)
  6 bats
  A giant newt (D:2)
  8 kobolds
  A rat (D:2)
50 creatures vanquished.

Notes
Turn   | Place    | Note
--------------------------------------------------------------
     0 | D:1      | Jerry the Minotaur Gladiator began the quest for the Orb.
     0 | D:1      | Reached XP level 1. HP: 18/18 MP: 0/0
    96 | D:1      | Reached skill level 1 in Armour
   102 | D:1      | Reached XP level 2. HP: 19/26 MP: 1/1
   366 | D:1      | Reached skill level 1 in Maces & Flails
   512 | D:1      | Reached XP level 3. HP: 22/31 MP: 2/2
   827 | D:1      | Reached skill level 1 in Shields
  1282 | D:2      | Found a blossoming altar of Fedhas.
  1648 | D:2      | Reached XP level 4. HP: 26/38 MP: 3/3
  2231 | D:2      | Found a deep blue altar of Sif Muna.
  2330 | D:3      | Killed from afar by an orc priest

Skill      XL: |  1  2  3  4 |
---------------+-------------+-----
Armour         | 1 2 |  2.4
Fighting       | 3 |  3.1
Maces & Flails | 1 2 |  2.3
Shields        | 1 2 |  2.1
Staves         | |  3.6
Throwing       | |  2.0
Dodging        | |  3.2

Action                   |  1- 3 |  4- 6 || total
-------------------------+-------+-------++-------
Melee: Quarterstaff      |    17 |       ||    17
       Headbutt          |    18 |     8 ||    26
       Whip              |   101 |    21 ||   122
       Staff             |       |     4 ||     4
  Use: Scroll            |       |     8 ||     8
  Eat: Chunk             |     2 |     1 ||     3
Armor: Leather armour    |    44 |     5 ||    49
Dodge: Dodged            |    55 |    12 ||    67
Block: Buckler           |    17 |     5 ||    22
